Map: Blueshift LE

Players

Sieget - Winner!

  • Race: Zerg Zerg
  • League: Diamond
  • Spawn Location: 1:00

A.I. 1 (Very Easy)

  • Race: Zerg Zerg
  • Spawn Location: 7:00

VOD

https://www.youtube.com/watch?v=EFGJKS69qz0

Description

Zergling All In

Time

  • Played on: Aug. 31, 2018, 1:07 a.m.
  • Length: 3:52
Show
View Real Time Build Order
Export as new Build Order

Sieget Zerg - Winner!

Build Orders: Hatch First 

Get SALT Encoding   

  12  0:01  Drone  
  13  0:08  Drone  
  14  0:15  Extractor  
  14  0:16  Drone  
  15  0:37  Hatchery  
  15  0:40  Extractor  
  13  0:43  Drone  
  14  0:59  Spawning Pool  
  14  1:03  Drone  
  14  1:13  Overlord  
  14  1:45  Metabolic Boost  
  14  1:46  Queen  
  17  1:47  Zergling x4  
  17  1:50  Zergling x2  
  17  1:53  Zergling x2  
  20  1:58  Zergling x2  
  20  2:01  Zergling x2  
  22  2:09  Zergling x2  
  22  2:11  Zergling x2  
  24  2:19  Overlord  
  24  2:23  Zergling x2  
  24  2:39  Zergling x4  
  24  2:41  Zergling x2  
  24  2:43  Zergling x2  
  28  2:52  Zergling x2  
  28  2:53  Zergling x6  
  28  2:54  Zergling x2  
  33  3:05  Zergling x4  
  35  3:18  Zergling x2  
  36  3:25  Overlord  
  36  3:26  Overlord  
Show
View Real Time Build Order
Export as new Build Order

A.I. 1 (Very Easy) Zerg 

Build Orders: Hatch First 

Get SALT Encoding   

  12  0:00  Drone  
  13  0:12  Overlord  
  13  0:16  Drone  
  14  0:42  Hatchery  
  13  0:45  Drone  
  14  1:02  Spawning Pool  
  14  1:04  Extractor  
  12  1:06  Drone  
  13  1:13  Drone  
  14  1:19  Overlord  
  14  1:49  Queen  
  14  1:50  Zergling x2  
  14  1:52  Zergling x2  
  18  1:56  Roach Warren  
  18  2:00  Drone  
  18  2:04  Extractor  
  18  2:08  Drone  
  18  2:13  Zergling x2  
  19  2:19  Drone  
  20  2:26  Drone  
  21  2:34  Drone  
  21  2:41  Drone  
  22  2:48  Drone  
  23  2:55  Drone  
  23  3:25  Zergling x2  
  15  3:37  Drone  
Tags
 
League
Diamond
Matchup
ZvZ
Race
Zerg
Spawn Locations
Cross Positions
Add a new tag
Caveats
  • Supply blocks, unpowered buildings, or Contaminate may cause inaccurate times.
  • Supply counts are checked every 10 seconds.